 Dungeon Crawl Stone Soup version 0.28.0-43-g3370ac3207 (webtiles) character file.

Game seed: 14495988297249201890

144 4FPSwarrior the Ogre Mage (level 5, -3/50 HPs)
             Began as an Ogre Hedge Wizard on Mar 20, 2022.
             Slain by a steam dragon (7 damage)
             ... on level 3 of the Dungeon.
             The game lasted 00:09:32 (4204 turns).

4FPSwarrior the Ogre Mage (Ogre Hedge Wizard)       Turns: 4204, Time: 00:09:33

Health: -3/50      AC:  3    Str: 16    XL:     5   Next: 27%
Magic:  4/11       EV:  9    Int: 15    God:
Gold:   133        SH:  0    Dex:  8    Spells: 10/13 levels left

rFire   . . .      SeeInvis .   q - +0 flail
rCold   . . .      Faith    .   (no shield)
rNeg    . . .      Spirit   .   b - +0 robe
rPois   +          Reflect  .   c - +0 hat
rElec   .          Harm     .   (no cloak)
rCorr   .          Rampage  .   (gloves unavailable)
Will    .....                   (boots unavailable)
Stlth   +.........              (no amulet)
HPRegen 0.16/turn               r - ring of poison resistance
MPRegen 0.12/turn               (no ring)

@: attractive
A: large, unfitting armour, tough skin 1
a: no special abilities


You were on level 3 of the Dungeon.
You visited 1 branch of the dungeon, and saw 3 of its levels.

You collected 133 gold pieces.

Inventory:

Hand Weapons
 a - a +0 dagger
 k - a +1 antimagic short sword
 q - a +0 flail (weapon)
Missiles
 e - 2 silver javelins
 h - 67 stones (quivered)
Armour
 b - a +0 robe (worn)
 c - a +0 hat (worn)
Jewellery
 r - a ring of poison resistance (left hand)
 s - a ring of willpower
Wands
 u - a wand of mindburst (14)
Scrolls
 g - 3 scrolls of identify {unknown}
 i - a scroll of magic mapping {unknown}
 j - 3 scrolls of amnesia {unknown}
 l - 2 scrolls of teleportation
 m - a scroll of silence {unknown}
 n - a scroll of immolation {unknown}
 p - 2 scrolls of blinking {unknown}
 t - 2 scrolls of fog {unknown}
Potions
 f - a potion of curing
 o - a potion of brilliance {unknown}


   Skills:
 + Level 2.7 Fighting
 + Level 2.1 Throwing
 - Level 1.7 Dodging
 - Level 1.4 Stealth
 + Level 4.5 Spellcasting
 + Level 2.2 Conjurations
 - Level 0.8 Summonings
 + Level 0.9 Translocations


You had 10 spell levels left.
You knew the following spells:

 Your Spells              Type           Power      Damage    Failure   Level
a - Magic Dart            Conj           40%        1d5       7%          1
b - Blink                 Tloc           12%        N/A       17%         2

Your spell library contained the following spells:

 Spells                   Type           Power      Damage    Failure   Level
 Slow                     Hex            12%        N/A       17%         1
 Call Imp                 Summ           6%         N/A       19%         2
 Conjure Flame            Conj/Fire      6%         6-21      32%         3
 Mephitic Cloud           Conj/Pois/Air  5%         N/A       36%         3


Dungeon Overview and Level Annotations

Branches:
Dungeon (3/15)

Altars:
Yredelemnul

Portals:
Abyss: D:3

Annotations:
D:3 2 transporters, exclusion: 2 doors, P0WERM0DE's ghost, weakling TeIE


Innate Abilities, Weirdness & Mutations

You are too large for most types of armour.
You have tough skin. (AC +1)


Message History

The steam dragon is moderately wounded.
The steam dragon barely misses you. The steam dragon claws you.
Casting: Magic Dart (safe; 7% risk of failure)
Confirm with . or Enter, or press ? or * to list all spells.
Aiming: Magic Dart (safe; 7% risk of failure)
Press: ? - help, Shift-Dir - straight line, f/p - steam dragon
Aim: a steam dragon (moderately wounded, 100% to hit)
The magic dart hits the steam dragon.
The steam dragon is moderately wounded.
The steam dragon closely misses you. The steam dragon barely misses you.
Casting: Magic Dart (safe; 7% risk of failure)
Confirm with . or Enter, or press ? or * to list all spells.
Aiming: Magic Dart (safe; 7% risk of failure)
Press: ? - help, Shift-Dir - straight line, f/p - steam dragon
Aim: a steam dragon (moderately wounded, 100% to hit)
The magic dart hits the steam dragon but does no damage.
The steam dragon is moderately wounded.
The steam dragon closely misses you.
The steam dragon claws you but does no damage.
Casting: Magic Dart (safe; 7% risk of failure)
Confirm with . or Enter, or press ? or * to list all spells.
Aiming: Magic Dart (safe; 7% risk of failure)
Press: ? - help, Shift-Dir - straight line, f/p - steam dragon
Aim: a steam dragon (moderately wounded, 100% to hit)
The magic dart hits the steam dragon but does no damage.
The steam dragon is moderately wounded.
The endoplasm quivers.
The steam dragon breathes steam at you. The ball of steam hits you!
It was a potion of curing.
You feel better.
You are engulfed in a cloud of scalding steam.
The steam dragon bites you!
* * * LOW HITPOINT WARNING * * *
The steam dragon closely misses you.
It was a potion of attraction.
You feel attractive to monsters.
You are engulfed in a cloud of scalding steam.
* * * LOW HITPOINT WARNING * * *
The steam dragon bites you!
You die...

#................#.#...
#..............#.......
#..........<).)........ .
#.............##+#.....
.....###......#........##..#
.........>....+........÷....
......###.J...#.##.........[
..... #.D.....##..........
..... #..@................
.J....###...§§#........#####
......+......§§......### #
..D...##†...§.#.....<#######
..... #......'..#+##.......
.... #......##... ......#.
### #....#... .. ......'.
.......... ......#.
.#........ ......#.


You could see a steam dragon (catching breath) and an endoplasm.

Vanquished Creatures
  An orc priest (D:3)
  4 adders
  A worm (D:2)
  3 dart slugs
  8 orcs
  6 ball pythons
  4 bats
  An endoplasm (D:3)
  A giant cockroach (D:3)
  7 goblins
  6 hobgoblins
  8 kobolds
  4 quokkas
  6 frilled lizards
  2 rats
62 creatures vanquished.

Vanquished Creatures (others)
  15 plants (D:1)
15 creatures vanquished.

Grand Total: 77 creatures vanquished

Notes
Turn   | Place    | Note
-------+----------+-------------------------------------------
     0 | D:1      | 4FPSwarrior the Ogre Hedge Wizard began the quest for the
                  | Orb.
     0 | D:1      | Reached XP level 1. HP: 16/16 MP: 5/5
   118 | D:1      | Reached skill level 1 in Conjurations
   281 | D:1      | Reached XP level 2. HP: 26/26 MP: 1/6
   365 | D:1      | Reached skill level 1 in Fighting
   825 | D:1      | Reached skill level 1 in Throwing
  1111 | D:1      | Reached XP level 3. HP: 23/33 MP: 0/8
  1252 | D:1      | Reached skill level 4 in Spellcasting
  2179 | D:2      | Reached XP level 4. HP: 38/42 MP: 1/10
  3131 | D:3      | Reached XP level 5. HP: 50/50 MP: 7/11
  3446 | D:2      | Learned a level 2 spell: Blink
  3727 | D:3      | Found a transporter.
  3743 | D:3      | Noticed a small abomination
  3749 | D:3      | Found a transporter.
  3768 | D:3      | Found a one-way gate to the infinite horrors of the Abyss.
  3768 | D:3      | Noticed a small abomination
  3768 | D:3      | Noticed P0WERM0DE's ghost (weakling TeIE)
  4010 | D:3      | Found a basalt altar of Yredelemnul.
  4183 | D:3      | Noticed a steam dragon
  4204 | D:3      | Slain by a steam dragon

Illustrated notes

Levels and vault maps discovered:
D:1:      minmay_arrival_split_and_join, layout_rooms, serial_bayou_lagoon_a,
          lemuel_another_geyser
D:2:      layout_rooms
D:3:      layout_basic, yredelemnul_forgotten_temple_becter,
          gammafunk_ghost_abyssal_escape

Skill      XL: |  1  2  3  4 |
---------------+-------------+-----
Conjurations   | 1 2 |  2.2
Fighting       | 1 2 |  2.7
Throwing       | 1 2 |  2.1
Spellcasting   | 4 |  4.5
Dodging        | |  1.7
Stealth        | |  1.4
Summonings     | |  0.8
Translocations | |  0.9

Action                   |  1- 3 |  4- 6 || total
-------------------------+-------+-------++-------
Melee: Dagger            |    41 |    40 ||    81
 Cast: Magic Dart        |   106 |   111 ||   217
  Use: Potion            |       |     2 ||     2
Armor: Robe              |     9 |    19 ||    28
Dodge: Dodged            |    20 |    47 ||    67
